 Dungeon Crawl Stone Soup version 0.28.0-53-g5a82cb258f (webtiles) character file.

Game seed: 1596795301200570034

11323 firemarshallily the Fighter (level 11, -2/91 (93) HPs)
             Began as a Demonspawn Gladiator on June 10, 2022.
             Was a High Priest of Okawaru.
             Slain by a wizard
             ... wielding a +0 dagger
              (3 damage)
             ... on level 10 of the Dungeon.
             The game lasted 00:37:56 (13097 turns).

firemarshallily the Fighter (Demonspawn Gladiator) Turns: 13097, Time: 00:37:56

HP:   -2/91 (93)    AC: 16    Str: 22    XL:     11   Next: 47%
MP:   11/11         EV: 16    Int:  9    God:    Okawaru [*****.]
Gold: 488           SH:  5    Dex: 15    Spells: 10/10 levels left

rFire   + . .      SeeInvis .   a - +5 long sword
rCold   . . .      Faith    .   s - +0 buckler
rNeg    . . .      Spirit   .   G - +2 steam dragon scales
rPois   .          Reflect  .   c - +1 helmet
rElec   .          Harm     .   (cloak unavailable)
rCorr   .          Rampage  .   B - +0 pair of gloves {Str+3}
Will    .....                   (no boots)
Stlth   +.........              (no amulet)
HPRegen 0.25/turn               A - +4 ring of evasion
MPRegen 0.12/turn               (no ring)

@: about to teleport, attractive, hasted, lightly drained, invisible, very quick
A: molten scales 3, powered by pain 1, spiny 1, weakness stinger 3
a: Renounce Religion, Heroism, Finesse, Duel


You were on level 10 of the Dungeon.
You worshipped Okawaru.
Okawaru was extremely pleased with you.
You visited 2 branches of the dungeon, and saw 11 of its levels.
You also visited: Sewer.

You collected 536 gold pieces.
You spent 48 gold pieces at shops.

Inventory:

Hand Weapons
 a - a +5 long sword (weapon)
Missiles
 d - 4 throwing nets
 f - 166 stones
 i - 10 javelins (quivered)
 o - 3 curare-tipped darts
 q - 34 poisoned darts
 v - 12 boomerangs
 y - 8 atropa-tipped darts
Armour
 c - a +1 helmet (worn)
 k - a +0 crystal plate armour
 s - a +0 buckler (worn)
 z - a +1 leather armour of fire resistance
 B - a +0 pair of gloves of strength (worn)
 G - +2 steam dragon scales (worn)
Jewellery
 A - a +4 ring of evasion (left hand)
Wands
 b - a wand of digging (6)
 e - a wand of acid (5)
 j - a wand of flame (20)
 n - a wand of mindburst (11)
 r - a wand of polymorph (11)
Scrolls
 g - a scroll of magic mapping
 x - a scroll of amnesia
 C - a scroll of fear
 F - a scroll of identify
Potions
 h - 2 potions of flight
 l - 3 potions of attraction
 m - a potion of invisibility
 t - a potion of brilliance
 u - a potion of magic
 w - a potion of haste


   Skills:
 * Level 11.2 Fighting
 * Level 10.6 Long Blades
 - Level 2.0 Throwing
 + Level 7.0 Armour
 - Level 3.0 Dodging
 - Level 5.0 Shields


You had 10 spell levels left.
You didn't know any spells.
Your spell library contained the following spells:

 Spells                   Type           Power      Damage    Failure   Level
 Beastly Appendage        Tmut           0%         N/A       45%         1
 Wereblood                Tmut           0%         N/A       61%         2
 Spider Form              Tmut/Pois      0%         N/A       83%         3
 Chain Lightning          Conj/Air       0%         N/A       100%        9
 Fire Storm               Conj/Fire      0%         5d1       100%        9
 Shatter                  Erth           0%         3d5*      100%        9


Dungeon Overview and Level Annotations

Branches:
Dungeon (10/15)            Temple (1/1) D:5            Lair (0/6) D:8
  Sewer (visited)
    Orc: D:9-12

Altars:
Cheibriados
Elyvilon
Fedhas
Hepliaklqana
Okawaru
Ru
Sif Muna
Uskayaw
Wu Jian
Xom
Yredelemnul

Shops:
D:3 [   D:5 =   D:6 (   D:7 ?   D:8 (

Annotations:
D:10 Josephine


Innate Abilities, Weirdness & Mutations

You are completely covered in molten scales. (AC +4, rF+)
You sometimes gain a little power by taking damage.
You are partially covered in sharp spines.
You have a sharp stinger which inflicts weakening toxins.


Message History

The floor, spattered with blood.
As you read the scroll of teleportation, it crumbles to dust.
You feel strangely unstable. The wraith closely misses you.
The wraith hits you.
* * * LOW HITPOINT WARNING * * *
You are confused.
You feel invigorated. The wraith misses you.
Josephine laughs insanely.
The wraith hits you but does no damage.
You're too confused to move!
The wraith hits you but does no damage. The wraith is struck by your spines.
The wraith barely misses you. Josephine is attracted toward you.
You bump into the rock wall.
The wraith completely misses you. The wraith misses you.
The wraith completely misses you.
You hit the wraith but do no damage.
You tail-slap the wraith, but do no damage.
The wraith is moderately damaged.
You feel less invigorated.
You feel less confused.
Your surroundings suddenly seem different.
A wizard comes into view. It is wielding a +0 dagger.
Found a chain mail.
The two-headed ogre shouts in stereo!
The wizard is attracted toward you.
The two-headed ogre is attracted toward you.
Okay, then.
You fade into invisibility!
You feel yourself speed up. The wizard misses you.
The two-headed ogre hits you with a +0 giant club!!
* * * LOW HITPOINT WARNING * * *
The two-headed ogre barely misses you.
Found a book of the Wilderness.
The two-headed ogre is attracted toward you.
A troll comes into view.
The wizard is attracted toward you.
The two-headed ogre is attracted toward you.
The troll is attracted toward you.
As you read the scroll of teleportation, it crumbles to dust.
You feel strangely unstable. The wizard hits you with a +0 dagger.
You die...

##.....##.###
............##
#............#
#............##
..............#.
................
........§§......
...##.pO......#
#@........#
............##..#
.............# ##
...........[..#
....T...........
.:..............
##..............
§.........##..


You could see a two-headed ogre, a wizard and a troll (asleep).

Vanquished Creatures
  Erica (D:8)
  Pikel (D:8)
  A manticore (D:8)
  Maggie (D:8)
  A komodo dragon (shapeshifter) (D:10)
  An unseen horror (D:10)
  A hornet (D:8)
  A jumping spider (shapeshifter) (D:8)
  A wraith (D:10)
  A wyvern (D:8)
  23 yaks
  An acid dragon (D:8)
  3 water moccasins
  5 orc warriors
  2 ice beasts
  3 black bears
  A sky beast (D:7)
  3 necrophages
  4 centaurs
  A phantom (D:4)
  A lemure (D:8)
  7 kobold brigands
  2 bullfrogs
  4 scorpions (D:5)
  A water moccasin zombie (D:6)
  9 killer bees
  8 wights
  2 howler monkeys (D:8)
  A bullfrog zombie (D:7)
  6 centaur zombies
  3 hounds
  A bullfrog skeleton (D:5)
  4 orc priests
  Jessica (D:2)
  7 orc wizards
  A scorpion zombie (D:4)
  4 gnolls (D:5)
  4 howler monkey zombies
  9 adders
  2 river rats (D:4)
  A shadow imp (D:6)
  2 white imps
  3 ufetubi
  5 worms
  4 dart slugs
  34 orcs
  11 ball pythons
  5 bats
  10 endoplasms
  5 giant cockroaches
  9 goblins
  8 hobgoblins
  A jackal (D:3)
  11 quokkas
  7 frilled lizards
  A jackal zombie (D:3)
  20 kobolds
  12 rats
282 creatures vanquished.

Vanquished Creatures (others)
  4 plants
  4 toadstools (D:4)
8 creatures vanquished.

Grand Total: 290 creatures vanquished

Notes
Turn   | Place    | Note
-------+----------+-------------------------------------------
     0 | D:1      | firemarshallily the Demonspawn Gladiator began the quest
                  | for the Orb.
     0 | D:1      | Reached XP level 1. HP: 16/16 MP: 1/1
   405 | D:1      | Gained mutation: You are partially covered in sharp spines.
                  | [demonic ancestry]
   405 | D:1      | Reached XP level 2. HP: 22/22 MP: 2/2
  1264 | D:2      | Gained mutation: You have a small tail. [demonic ancestry]
  1264 | D:2      | Reached XP level 3. HP: 20/28 MP: 3/3
  1436 | D:2      | Noticed Jessica
  1463 | D:2      | Killed Jessica
  1464 | D:2      | Reached skill level 3 in Fighting
  1572 | D:2      | Gained mutation: You have a tail ending in a sharp stinger.
                  | [demonic ancestry]
  1572 | D:2      | Reached XP level 4. HP: 27/35 MP: 4/4
  1678 | D:2      | Reached skill level 1 in Armour
  2281 | D:2      | Found a faded altar of an unknown god.
  2968 | D:3      | Gained mutation: You are partially covered in molten
                  | scales. (AC +2) [demonic ancestry]
  2968 | D:3      | Reached XP level 5. HP: 41/41 MP: 5/5
  3301 | D:3      | Found Yddoum's Antique Armour Boutique.
  3785 | D:4      | Noticed a black bear
  3822 | D:4      | Reached skill level 1 in Shields
  3828 | D:4      | Found a glowing drain.
  3838 | Sewer    | Entered a sewer
  3892 | Sewer    | Reached skill level 4 in Fighting
  3893 | Sewer    | Gained mutation: You are mostly covered in molten scales.
                  | (AC +3) [demonic ancestry]
  3893 | Sewer    | Reached XP level 6. HP: 31/48 MP: 6/6
  4389 | Sewer    | Gained mutation: You sometimes gain a little power by
                  | taking damage. [demonic ancestry]
  4389 | Sewer    | Reached XP level 7. HP: 36/55 MP: 7/7
  4394 | Sewer    | Reached skill level 5 in Long Blades
  4615 | D:4      | Reached skill level 5 in Fighting
  4919 | D:4      | Found a shimmering blue altar of Sif Muna.
  5172 | D:5      | Entered Level 5 of the Dungeon
  5215 | D:5      | Found a staircase to the Ecumenical Temple.
  5241 | Temple   | Entered the Ecumenical Temple
  5393 | Temple   | Became a worshipper of Warmaster Okawaru
  5643 | D:5      | Gained mutation: You are completely covered in molten
                  | scales. (AC +4, rF+) [demonic ancestry]
  5643 | D:5      | Reached XP level 8. HP: 51/64 MP: 8/8
  6023 | D:5      | Found Cochaz's Jewellery Shop.
  6263 | D:5      | Reached skill level 6 in Fighting
  6675 | D:5      | HP: 3/64 [scorpion (4)]
  6677 | D:5      | Reached * piety under Okawaru
  7626 | D:6      | Reached skill level 7 in Fighting
  7862 | D:6      | Found Rahioheg's Antique Weapon Emporium.
  8224 | D:7      | Reached XP level 9. HP: 72/72 MP: 9/9
  8238 | D:7      | Found a sacrificial altar of Ru.
  8311 | D:7      | Found Sofeirgh's Magic Scroll Shop.
  8316 | D:7      | Bought a scroll of identify for 24 gold pieces
  8371 | D:7      | Found an ornate altar of the Wu Jian Council.
  8523 | D:7      | Bought a scroll of identify for 24 gold pieces
  8866 | D:7      | Reached ** piety under Okawaru
  8925 | D:7      | Identified the +0 leather armour of the Thickets {+Blink
                  | rF- rN+ rCorr}
  9093 | D:8      | Noticed Erica
  9119 | D:8      | Killed Erica
  9120 | D:8      | Reached skill level 8 in Fighting
  9225 | D:8      | Found Lutiqem's Weapon Boutique.
  9283 | D:8      | Reached skill level 5 in Armour
  9306 | D:8      | Gained mutation: You have a sharp stinger which inflicts
                  | weakening toxins. [demonic ancestry]
  9306 | D:8      | Reached XP level 10. HP: 24/82 MP: 10/10
  9312 | D:8      | Reached *** piety under Okawaru
  9686 | D:8      | Reached skill level 5 in Shields
  9689 | D:8      | Reached skill level 9 in Fighting
  9949 | D:8      | Found a staircase to the Lair.
 10056 | D:8      | Reached **** piety under Okawaru
 10063 | D:8      | Received a gift from Okawaru
 10080 | D:8      | Noticed Pikel
 10215 | D:8      | Killed Pikel
 10404 | D:8      | Noticed a manticore
 10414 | D:8      | Received a gift from Okawaru
 10421 | D:8      | Noticed a black mamba
 10747 | D:8      | Reached skill level 10 in Fighting
 11109 | D:9      | Reached XP level 11. HP: 73/92 MP: 11/11
 11279 | D:9      | Reached ***** piety under Okawaru
 11287 | D:9      | Reached skill level 10 in Long Blades
 12064 | D:8      | Noticed Maggie
 12079 | D:8      | Killed Maggie
 12645 | D:8      | Reached skill level 11 in Fighting
 12772 | D:8      | Received a gift from Okawaru
 12827 | D:10     | Entered Level 10 of the Dungeon
 12920 | D:10     | Noticed a two-headed ogre
 13078 | D:10     | Noticed Josephine
 13089 | D:10     | HP: 2/91 [wraith[Josephine] (5)]
 13093 | D:10     | Noticed a wizard
 13094 | D:10     | HP: 1/91 [two-headed ogre/+0 giant club (18)]
 13097 | D:10     | Slain by a wizard

Illustrated notes

Levels and vault maps discovered:
D:1:      onia_arrival_handbag, layout_basic
D:2:      layout_basic, shapermc_ecumenical_altar_mp_vishouse,
          nicolae_concentric_dashed_squares_mild, uniq_jessica
D:3:      minmay_razor_zed, layout_rooms, serial_shops,
          nicolae_shop_hallway_plus
D:4:      layout_loops_cross, mainiacjoe_overflow_catwalk,
          gup_sewer_entry_bubbles, nrook_mini_backslash, minmay_misc_feat_room,
          minmay_misc_feat_iff, minmay_gold_behind_fungi, minmay_misc_feat_cross
D:5:      layout_loops_corners, minmay_temple_entry_butterflies,
          nicolae_inconvenience_store, grunt_ministairs_3,
          hangedman_decor_opposing
D:6:      kennysheep_six_static_rooms, layout_basic, serial_corexii_hall,
          corexii_hall_statues_l, corexii_hall_statues_x, serial_shops,
          nicolae_stop_n_shop_2
D:7:      layout_cave_pools, serial_shops, nicolae_square_shop,
          hangedman_feature_mirror
D:8:      nzn_winding_woodlands_small [nzn_winding_woodlands_5x15_pockets,
          nzn_winding_woodlands_center_lodge,
          nzn_winding_woodlands_5x15_pathside_ponds], layout_loops_cross,
          lair_entry_dummy, enter_bailey_4, serial_shops, nicolae_shop_crystal,
          patterned_corridor, uniq_erica, uniq_pikel, uniq_maggie
D:9:      layout_basic
D:10:     layout_cave_pools, uniq_josephine
Temple:   roderic_octagonal_lattice_temple

Skill      XL: |  1  2  3  4  5  6  7  8  9 10 11 |
---------------+----------------------------------+-----
Throwing       | 2 |  2.0
Long Blades    | 3 4 5 6 8 9 10 | 10.6
Fighting       | 3 4 5 7 8 10 11 | 11.2
Dodging        | 3 |  3.0
Armour         | 1 2 3 4 5 6 7 |  7.0
Shields        | 1 2 3 4 5 |  5.0

Action                   |  1- 3 |  4- 6 |  7- 9 | 10-12 || total
-------------------------+-------+-------+-------+-------++-------
Melee: Long sword        |    70 |   151 |   283 |   311 ||   815
       Tailslap          |     2 |    16 |    59 |    63 ||   140
       Punch             |     1 |     1 |     1 |       ||     3
Throw: Stone             |     3 |    17 |       |       ||    20
       Dart              |       |       |     2 |     1 ||     3
       Javelin           |       |       |       |     6 ||     6
  Use: Scroll            |     3 |    13 |    14 |     6 ||    36
       Potion            |       |     3 |     4 |    10 ||    17
 Stab: Sleeping          |       |     2 |       |       ||     2
Armor: Leather armour    |    14 |    56 |    42 |       ||   112
       Ring mail         |       |       |    60 |    63 ||   123
       Steam dragon scal |       |       |       |    32 ||    32
Dodge: Dodged            |    38 |    90 |   150 |   194 ||   472
Block: Buckler           |       |       |    57 |    79 ||   136
